Map: Moonlight Madness LE (Void)

Players

我盜我弟帳號活該

  • Race: Zerg Zerg
  • League: Silver

Zgmtc - Winner!

  • Race: Protoss Protoss
  • League: Platinum

VOD

Have the link to the VOD?

Description

Time

  • Played on: Nov. 2, 2015, 3:57 a.m.
  • Length: 7:57
Show
View Real Time Build Order
Export as new Build Order

我盜我弟帳號活該 Zerg 

Build Orders: Hatch First, Roach Nydus 

Get SALT Encoding   

  12  0:01  Drone  
  13  0:09  Drone  
  14  0:17  Overlord  
  14  0:28  Extractor  
  14  0:29  Drone x2, Extractor  
  16  0:37  Drone  
  17  0:57  Hatchery  
  17  0:59  Drone  
  17  1:03  Extractor  
  16  1:09  Drone  
  17  1:19  Spawning Pool  
  16  1:28  Drone x2  
  16  1:29  Drone  
  19  1:39  Drone  
  20  2:01  Hatchery, Overlord  
  19  2:10  Queen  
  21  2:19  Metabolic Boost  
  21  2:27  Queen  
  23  2:30  Drone  
  23  2:33  Drone  
  25  2:37  Drone  
  25  2:40  Drone  
  25  2:43  Drone  
  28  2:53  Lair  
  28  3:02  Drone  
  28  3:03  Drone x2  
  31  3:10  Extractor  
  31  3:12  Drone x3  
  33  3:14  Drone  
  34  3:22  Drone  
  34  3:23  Roach Warren  
  34  3:26  Drone  
  34  3:27  Drone  
  35  3:41  Zergling x2  
  35  3:42  Zergling x4  
  33  3:54  Drone x6  
  39  4:19  Overlord x2, Nydus Network  
  39  4:20  Overlord  
  38  4:41  Queen  
  40  4:47  Roach  
  40  4:48  Roach x6  
  40  4:51  Overlord  
  54  5:03  Nydus Canal  
  54  5:05  Zergling x2  
  54  5:06  Zergling x14  
  59  5:20  Spine Crawler x2  
  57  5:22  Spine Crawler  
  50  5:44  Overlord  
  50  5:46  Drone  
  50  5:47  Drone x8  
  59  5:52  Drone x2  
  61  5:58  Drone  
  61  5:59  Drone x2  
  61  6:00  Glial Reconstitution  
  64  6:09  Roach x2  
  67  6:17  Roach  
  69  6:23  Roach x2  
  73  6:35  Overlord x3  
  73  6:44  Overlord  
  73  6:50  Overseer  
  73  6:52  Overlord  
  73  6:54  Roach  
  73  6:55  Roach x6  
  73  6:57  Drone  
  73  6:58  Drone x3  
  91  7:07  Roach  
  92  7:10  Roach x2  
  92  7:11  Roach x3  
  101  7:22  Roach x3  
  101  7:23  Roach x2  
  96  7:32  Roach x3  
  92  7:38  Roach  
Show
View Real Time Build Order
Export as new Build Order

Zgmtc Protoss - Winner!

Build Orders: Nexus First 

Get SALT Encoding   

  12  0:01  Probe (Chrono Boost)  
  13  0:11  Probe (Chrono Boost)  
  14  0:20  Pylon  
  14  0:24  Probe (Chrono Boost)  
  15  0:38  Probe (Chrono Boost)  
  16  0:49  Probe (Chrono Boost)  
  17  0:59  Nexus  
  17  1:03  Probe (Chrono Boost)  
  18  1:12  Gateway  
  18  1:15  Probe (Chrono Boost)  
  19  1:26  Probe (Chrono Boost)  
  19  1:28  Gateway  
  20  1:39  Assimilator  
  20  1:43  Assimilator  
  20  1:45  Pylon  
  20  1:46  Probe (Chrono Boost)  
  21  1:56  Probe (Chrono Boost)  
  22  2:01  Cybernetics Core  
  23  2:08  Probe (Chrono Boost)  
  23  2:12  Probe (Chrono Boost)  
  24  2:19  Probe (Chrono Boost)  
  24  2:22  Probe (Chrono Boost)  
  26  2:25  Pylon  
  27  2:30  Probe (Chrono Boost)  
  27  2:35  Probe (Chrono Boost)  
  28  2:37  Adept (Chrono Boost)  
  28  2:38  Adept (Chrono Boost), Warp Gate  
  34  2:44  Mothership Core (Chrono Boost)  
  34  2:48  Probe (Chrono Boost)  
  35  2:59  Probe (Chrono Boost)  
  35  3:02  Stalker x2  
  40  3:15  Gateway  
  40  3:18  Assimilator  
  40  3:24  Probe (Chrono Boost)  
  40  3:26  Twilight Council  
  41  3:27  Probe (Chrono Boost)  
  42  3:35  Probe (Chrono Boost)  
  43  3:44  Probe (Chrono Boost)  
  43  3:45  Stalker  
  43  3:46  Stalker  
  43  3:47  Probe (Chrono Boost)  
  49  4:02  Probe (Chrono Boost)  
  50  4:05  Blink (Chrono Boost)  
  46  4:11  Stalker  
  48  4:19  Pylon  
  48  4:20  Assimilator  
  48  4:23  Probe  
  49  4:28  Gateway  
  49  4:31  Gateway  
  49  4:41  Pylon  
  49  4:49  Stalker x2  
  49  4:52  Probe  
  54  4:58  Probe  
  55  5:00  Stalker  
  55  5:01  Pylon  
  57  5:12  Stalker x2  
  61  5:23  Robotics Facility  
  61  5:29  Stalker x3  
  67  5:52  Stalker x2  
  67  5:53  Stalker x3  
  77  6:01  Probe  
  77  6:02  Pylon  
  78  6:05  Pylon  
  78  6:14  Pylon x2  
  78  6:20  Warp Prism (Chrono Boost)  
  78  6:21  Stalker x3  
  78  6:23  Sentry x2  
  90  6:36  Pylon  
  90  6:39  Pylon  
  90  6:43  Stalker x2  
  90  6:44  Stalker  
  96  6:53  Stalker x2  
  100  6:55  Observer  
  101  7:21  Stalker x2  
  105  7:26  Stalker  
  103  7:34  Stalker x2  
  101  7:52  Stalker x3  
Tags
 
Add a new tag
Caveats
  • Supply blocks, unpowered buildings, or Contaminate may cause inaccurate times.
  • Supply counts are checked every 10 seconds.